Map: Dusk Towers

Players

ZertoN

  • Race: Terran Terran
  • League: Master

CookieJar - Winner!

  • Race: Zerg Zerg
  • League: Master

VOD

Have the link to the VOD?

Description

Time

  • Played on: March 6, 2016, 2:43 p.m.
  • Length: 25:54
Show
View Real Time Build Order
Export as new Build Order

ZertoN Terran 

Build Orders: Reaper Expand, MMM Bio 

Get SALT Encoding   

  12  0:00  SCV  
  13  0:12  SCV  
  14  0:17  Supply Depot  
  14  0:24  SCV  
  15  0:39  SCV  
  15  0:40  Barracks  
  16  0:44  Refinery  
  16  0:51  SCV  
  17  1:03  SCV  
  18  1:15  SCV  
  19  1:28  Reaper, Orbital Command  
  20  1:40  Command Center  
  20  1:50  Supply Depot  
  20  1:53  SCV  
  21  2:00  Marine  
  22  2:05  Factory  
  22  2:07  SCV  
  23  2:12  Refinery  
  23  2:19  SCV  
  23  2:21  Barracks Reactor  
  24  2:31  SCV  
  25  2:47  SCV  
  25  2:51  Starport  
  26  2:54  Orbital Command  
  26  2:59  SCV  
  26  3:01  Hellion  
  26  3:02  Hellion  
  31  3:08  Barracks Tech Lab  
  31  3:11  SCV  
  31  3:20  SCV  
  31  3:22  Hellion  
  31  3:24  Hellion, SCV  
  37  3:32  SCV  
  38  3:35  Supply Depot  
  38  3:36  Banshee, SCV  
  38  3:38  High Capacity Fuel Tanks  
  42  3:44  SCV  
  42  3:48  SCV  
  44  3:55  Barracks Tech Lab  
  44  3:56  SCV  
  44  3:58  Supply Depot  
  44  4:00  SCV  
  46  4:08  SCV  
  47  4:12  SCV  
  47  4:14  Stimpack, Command Center  
  47  4:15  Marine  
  49  4:20  Supply Depot, SCV  
  50  4:24  SCV  
  51  4:33  SCV  
  51  4:34  Marine  
  51  4:36  SCV  
  54  4:42  Barracks  
  54  4:43  Barracks  
  54  4:45  Factory Reactor, SCV  
  55  4:47  Starport Reactor  
  55  4:48  Engineering Bay  
  55  4:50  Engineering Bay  
  55  4:51  SCV  
  55  4:52  Marine  
  57  4:59  Refinery, SCV  
  58  5:00  Refinery  
  58  5:03  SCV  
  59  5:10  Marine  
  59  5:12  SCV  
  61  5:15  SCV  
  62  5:22  Terran Infantry Weapons Level 1  
  62  5:23  Terran Infantry Armor Level 1  
  62  5:25  SCV  
  62  5:27  Marine  
  64  5:29  Medivac  
  64  5:30  Medivac  
  64  5:31  Orbital Command  
  64  5:34  Marine x2  
  62  5:38  Marine x2, Factory Reactor  
  62  5:40  SCV x2  
  66  5:45  Marine  
  66  5:47  Supply Depot x2  
  67  5:51  Orbital Command  
  67  5:52  Marine x2  
  67  5:56  Marine x2  
  71  5:59  SCV  
  71  6:00  SCV  
  71  6:02  Medivac x2  
  71  6:03  Marine  
  78  6:10  Marine  
  79  6:20  Marine x3  
  79  6:23  Marine  
  79  6:24  SCV x2  
  78  6:30  SCV  
  66  6:36  SCV  
  66  6:37  SCV  
  66  6:38  Marine  
  65  6:41  Hellion x2  
  65  6:42  SCV  
  65  6:45  Marine  
  65  6:46  Marine  
  63  6:49  Combat Shields, SCV x2  
  63  6:54  SCV  
  66  7:01  Armory, SCV x2  
  68  7:04  Hellion x2  
  68  7:06  SCV  
  73  7:09  Barracks Reactor  
  73  7:12  Marine, Marauder  
  73  7:13  Marine, SCV x2  
  79  7:18  SCV  
  76  7:25  SCV x2  
  78  7:30  SCV  
  78  7:35  Barracks  
  79  7:37  Barracks, SCV  
  79  7:38  Factory Reactor  
  79  7:40  Supply Depot  
  79  7:41  Marine x2, Supply Depot  
  79  7:43  Marauder  
  84  7:49  Marine x2  
  76  8:00  SCV  
  76  8:01  SCV  
  76  8:02  Marine x2  
  69  8:07  SCV  
  70  8:13  SCV x2  
  70  8:14  Terran Infantry Weapons Level 2  
  70  8:15  Terran Infantry Armor Level 2  
  70  8:18  Terran Vehicle And Ship Armor Level 1  
  70  8:19  SCV  
  73  8:25  SCV x2  
  77  8:29  Marine x4  
  77  8:30  Marauder  
  77  8:31  Widow Mine, SCV  
  77  8:32  Widow Mine  
  86  8:37  SCV  
  86  8:39  SCV  
  88  8:42  Marine x2  
  88  8:43  Marine, SCV  
  88  8:47  Marine x2  
  94  8:49  SCV  
  94  8:51  SCV  
  96  8:57  SCV  
  96  9:01  SCV  
  96  9:02  Marine x2  
  94  9:08  Marine x2  
  89  9:14  SCV  
  89  9:19  Marine  
  84  9:24  Marine x2  
  84  9:29  Marine x5  
  91  9:33  Widow Mine x2  
  91  9:34  Medivac x2  
  91  9:35  SCV x2  
  91  9:38  Marine, SCV  
  100  9:42  Marine  
  100  9:43  Marine  
  97  9:47  Marine x2, SCV x2  
  101  10:00  Marine  
  101  10:02  SCV  
  101  10:03  Marine, Command Center  
  101  10:04  Marine, Marauder, Supply Depot  
  101  10:05  Supply Depot x2  
  101  10:06  Marine x4  
  101  10:07  Widow Mine x2  
  105  10:12  Factory, Medivac x2  
  105  10:17  Marine  
  105  10:21  Marine x2  
  102  10:24  Marine x2  
  102  10:27  Marine  
  102  10:28  Marine  
  105  10:30  Marine  
  105  10:35  Marine  
  106  10:36  Widow Mine  
  106  10:39  Marine x2  
  106  10:42  Marine  
  111  10:44  Orbital Command  
  111  10:46  Marine x3  
  111  10:47  Widow Mine  
  111  10:48  Marine  
  117  10:59  Marine x2  
  117  11:04  Marine x2  
  116  11:05  Marine x2, Widow Mine  
  116  11:07  Medivac  
  116  11:09  SCV  
  116  11:10  SCV x2  
  127  11:14  Medivac  
  127  11:15  Widow Mine  
  127  11:18  Terran Infantry Weapons Level 3  
  131  11:21  SCV  
  131  11:22  SCV  
  131  11:25  Supply Depot  
  133  11:26  Supply Depot  
  133  11:27  Command Center  
  133  11:33  Widow Mine  
  133  11:39  Marine x3  
  138  11:40  Marauder  
  138  11:46  Medivac, Widow Mine  
  138  11:47  Marauder  
  146  11:50  Factory  
  146  11:51  Supply Depot  
  146  11:53  Supply Depot x2  
  122  12:02  Widow Mine  
  122  12:08  SCV  
  117  12:10  SCV  
  117  12:11  SCV  
  106  12:20  SCV  
  98  12:22  SCV  
  98  12:23  SCV  
  98  12:27  Marine  
  98  12:32  SCV  
  98  12:34  SCV  
  98  12:35  SCV  
  101  12:40  Marine  
  101  12:41  Marine x4, Marauder x2  
  108  12:44  SCV  
  108  12:46  Marine  
  108  12:47  SCV  
  100  12:55  Widow Mine x2  
  100  12:56  Medivac  
  99  12:58  Marine x4, Orbital Command  
  99  12:59  Marine  
  99  13:03  Marauder x2, Marine  
  103  13:15  SCV  
  103  13:16  Marine  
  104  13:27  Marine x6  
  104  13:28  Marauder  
  104  13:33  SCV  
  104  13:34  Marine  
  106  13:45  Marine x3  
  106  13:46  Marauder  
  106  13:47  Marine x2  
  113  13:52  Marine x2  
  115  14:00  Planetary Fortress  
  111  14:03  Marine x2  
  109  14:21  Medivac x2  
  113  14:26  Factory Tech Lab  
  101  14:32  SCV x3  
  101  14:36  Marauder x2  
  105  14:40  Marine x2  
  105  14:44  SCV  
  91  14:49  Marine x2  
  91  14:50  Marine  
  91  14:51  Marine  
  83  14:55  SCV  
  83  14:56  SCV x2  
  83  14:57  Marauder, Liberator x2  
  83  14:58  Marauder  
  83  14:59  SCV  
  91  15:07  Command Center  
  94  15:19  Marine x6  
  103  15:22  Marauder  
  103  15:23  Marauder  
  103  15:26  Widow Mine x2  
  113  15:36  Marine  
  113  15:37  Marine  
  113  15:40  Marine x2  
  97  15:43  Marine x2, Marauder  
  97  15:44  Marauder  
  101  15:53  Orbital Command  
  88  16:01  Marine  
  88  16:02  Marine x3  
  78  16:04  Marine  
  78  16:05  Marine, Marauder  
  78  16:06  Marauder  
  78  16:08  Liberator x2  
  81  16:18  SCV x4  
  84  16:19  Marine x2  
  84  16:20  Marine x2  
  84  16:22  Marine  
  89  16:26  Marauder  
  89  16:27  Marine, Marauder  
  89  16:30  SCV x2  
  102  16:37  Marine  
  103  16:42  SCV x2  
  105  16:47  Marauder, SCV x2  
  105  16:48  Marine x2  
  105  16:49  Marauder, Marine x3  
  105  16:51  Liberator  
  114  16:55  Marine, Widow Mine x2  
  113  17:01  SCV x3  
  113  17:06  Marine x2  
  113  17:07  Marine x2  
  115  17:09  Marauder  
  115  17:10  Marauder  
  112  17:16  Marine x2  
  98  17:24  Liberator  
  94  17:30  Marauder  
  94  17:31  Marauder, Marine  
  94  17:32  Marine x3  
  94  17:34  Marine x2  
  95  17:37  SCV x4  
  95  17:40  Widow Mine  
  95  17:41  Widow Mine  
  102  17:49  Marine x4  
  102  17:52  Marauder  
  102  17:53  Marauder  
  102  17:54  Marine  
  102  17:55  Marine  
  102  17:57  Medivac  
  109  18:02  Planetary Fortress  
  109  18:07  Marine x4  
  109  18:12  Marine  
  114  18:13  Marauder, Marine  
  114  18:14  Marauder  
  119  18:25  Marine x3  
  119  18:27  Marine  
  122  18:30  Marine  
  122  18:31  Marine  
  125  18:34  Marauder  
  125  18:35  Marauder  
  129  18:43  Marine x2  
  111  18:50  Marine x2  
  111  18:51  Marine x2  
  99  18:57  Marine x2  
  99  19:00  Marine  
  99  19:01  Marine  
  99  19:02  SCV  
  98  19:08  Marine x2  
  98  19:09  Marine x2  
  95  19:15  Marine x2  
  95  19:16  Orbital Command x2  
  97  19:17  Command Center  
  97  19:18  Marine  
  97  19:19  Marine  
  90  19:25  Marine  
  90  19:26  Marine, Liberator x2  
  90  19:27  Marine x2  
  89  19:33  Marauder  
  89  19:34  Marauder  
  89  19:35  SCV  
  89  19:36  Marine x2  
  89  19:42  Barracks x2  
  89  19:43  Marine x2, Barracks  
  89  19:44  Marine  
  89  19:45  Marine  
  99  19:47  SCV x4  
  103  19:54  Marine x2  
  103  19:55  Marauder x2  
  103  19:59  SCV x2  
  111  20:01  Marine x2  
  111  20:02  Marine  
  111  20:05  SCV x2  
  116  20:08  Marine  
  116  20:11  SCV x2  
  119  20:15  Marine x2  
  119  20:16  Marauder x2  
  119  20:17  SCV x2  
  119  20:20  Marine  
  119  20:21  Marine  
  129  20:23  SCV  
  123  20:29  Marine x2  
  123  20:33  Marine x2  
  102  20:37  Marine, Marauder  
  102  20:38  Barracks Tech Lab x3  
  100  20:46  Marine x2  
  100  20:49  Marine x2, Widow Mine x2  
  90  20:56  Marauder  
  87  20:57  Marine  
  87  20:58  Marine x2  
  87  20:59  Marauder, SCV  
  87  21:00  SCV x2  
  87  21:01  Liberator x2  
  87  21:03  Marine x2  
  95  21:04  Marine  
  94  21:16  Marauder  
  94  21:17  Marauder  
  95  21:33  Marine x2  
  97  21:40  Planetary Fortress  
  97  21:42  SCV x2  
  97  21:45  SCV  
  100  21:49  Marine x3, Liberator  
  100  21:50  Marine  
  100  21:52  Marine  
  100  22:07  Marine x2, Marauder x2  
  105  22:12  Marine x2  
  95  22:22  Marine  
  95  22:23  Marine x2  
  95  22:24  Marine x2  
  95  22:25  Marauder  
  95  22:27  Marine  
  95  22:28  Marine  
  95  22:29  Marauder, Medivac  
  104  22:30  Marine x2  
  105  22:40  Marine x2  
  105  22:41  Marine  
  105  22:42  Marauder x2  
  101  22:45  Marine  
  101  22:49  Medivac  
  96  22:53  Marine x2  
  96  22:54  Marine x2  
  96  22:56  Marine  
  96  22:58  Marine  
  85  23:14  Marine  
  85  23:16  Marine x2  
  88  23:20  Marine x2  
  90  23:27  Orbital Command  
  90  23:29  Marine  
  86  23:55  Orbital Command  
  53  24:18  Refinery  
  53  24:20  Refinery  
  53  24:26  SCV x2  
  55  24:38  Marine x2, SCV x2  
  55  24:40  Marine x5  
  55  24:45  Marine x4  
  48  25:01  Marine  
  48  25:02  Marine x2  
  48  25:03  Marine x3  
  48  25:04  Marine x5  
  51  25:19  Marine  
  51  25:20  Marine  
  52  25:21  Marine x2  
Show
View Real Time Build Order
Export as new Build Order

CookieJar Zerg - Winner!

Build Orders: Hatch First 

Get SALT Encoding   

  12  0:01  Drone  
  13  0:13  Overlord  
  13  0:17  Drone  
  14  0:31  Drone  
  14  0:32  Drone  
  17  0:35  Drone  
  17  0:53  Hatchery  
  17  0:55  Drone  
  17  0:59  Drone  
  18  1:04  Extractor  
  17  1:17  Spawning Pool  
  17  1:18  Drone  
  17  1:21  Drone  
  18  1:29  Drone  
  19  1:39  Overlord  
  19  1:51  Drone  
  20  2:04  Zergling x2, Queen  
  20  2:05  Queen  
  20  2:06  Zergling x2  
  26  2:11  Metabolic Boost  
  26  2:12  Zergling x2  
  27  2:16  Drone  
  27  2:22  Drone  
  29  2:28  Drone  
  30  2:34  Drone  
  32  2:37  Drone  
  32  2:43  Queen  
  34  2:46  Overlord  
  34  2:50  Drone  
  35  2:54  Drone  
  36  3:06  Drone x2  
  36  3:09  Drone  
  36  3:10  Hatchery  
  38  3:16  Drone x3  
  38  3:17  Overlord  
  38  3:19  Drone x2  
  43  3:23  Drone  
  44  3:27  Extractor  
  44  3:28  Overlord  
  44  3:30  Drone  
  44  3:35  Drone  
  44  3:41  Drone  
  46  3:49  Drone  
  46  3:50  Drone x3  
  46  3:52  Drone  
  46  3:53  Drone x2  
  46  3:55  Lair  
  51  4:09  Zergling x4  
  53  4:10  Zergling x4, Baneling Nest  
  53  4:15  Spore Crawler  
  52  4:17  Spore Crawler  
  52  4:18  Drone  
  52  4:20  Zergling x10  
  57  4:30  Drone x2  
  59  4:32  Drone  
  59  4:33  Drone x2  
  59  4:34  Drone  
  62  4:40  Hatchery  
  61  4:50  Spore Crawler  
  61  4:51  Drone  
  61  4:55  Spore Crawler  
  60  5:01  Baneling x3  
  60  5:02  Zergling x2, Baneling  
  60  5:03  Zergling x10  
  63  5:15  Spore Crawler  
  63  5:25  Overlord x3  
  63  5:26  Overlord  
  61  5:29  Hatchery  
  59  5:38  Zergling x2  
  59  5:39  Zergling x12  
  59  5:40  Centrifical Hooks  
  66  5:47  Overseer  
  66  5:55  Baneling  
  66  5:56  Zergling x2, Baneling x7  
  67  5:57  Zergling x26  
  79  6:11  Drone  
  79  6:12  Drone x5  
  82  6:24  Drone x6  
  75  6:36  Zergling x12  
  75  6:37  Zergling x6  
  81  6:46  Extractor  
  72  6:50  Evolution Chamber  
  72  6:51  Evolution Chamber  
  72  6:52  Zergling x8  
  72  6:53  Zergling x8  
  74  6:57  Hatchery  
  72  7:04  Drone x4  
  72  7:05  Zergling x2  
  72  7:06  Zergling x12  
  72  7:07  Baneling x3  
  83  7:12  Zergling x8  
  87  7:20  Zerg Melee Weapons Level 1  
  87  7:21  Zerg Ground Armor Level 1  
  80  7:25  Baneling  
  80  7:26  Zergling x2, Baneling x5  
  80  7:27  Zergling x6  
  83  7:39  Drone x4  
  83  7:40  Drone x7  
  83  7:41  Drone  
  83  7:42  Drone  
  94  7:44  Drone x2  
  94  7:48  Queen  
  93  7:57  Zergling x12  
  93  8:05  Zergling x14  
  86  8:06  Zergling x6  
  86  8:09  Pneumatized Carapace  
  92  8:14  Zergling x2  
  92  8:15  Zergling x12  
  92  8:17  Baneling  
  92  8:18  Baneling x6  
  99  8:20  Zergling x2  
  99  8:21  Zergling x2  
  99  8:23  Zergling x8  
  105  8:28  Zergling x2  
  105  8:29  Zergling x6  
  108  8:41  Zergling x2  
  108  8:42  Zergling x12  
  108  8:44  Overlord x3  
  108  8:46  Overseer  
  115  8:49  Hatchery  
  115  8:50  Zergling x2  
  115  8:51  Zergling x2  
  103  9:06  Zergling x14  
  103  9:07  Zergling x14  
  98  9:11  Zergling x10  
  96  9:20  Zergling x2  
  96  9:21  Zergling x18  
  103  9:26  Extractor  
  103  9:30  Spore Crawler  
  100  9:43  Zergling x2  
  100  9:44  Zergling x30  
  113  9:55  Drone x6  
  115  10:01  Zergling x20  
  115  10:04  Zerg Ground Armor Level 2, Zerg Melee Weapons Level 2  
  115  10:06  Drone  
  125  10:13  Baneling x7  
  119  10:15  Zergling x18  
  119  10:20  Zergling x12  
  133  10:24  Drone  
  133  10:25  Drone  
  133  10:28  Hatchery, Baneling x2  
  134  10:32  Zergling x2  
  134  10:33  Zergling x4  
  137  10:37  Spore Crawler  
  136  10:44  Overlord, Drone  
  136  10:45  Overlord x3  
  136  10:46  Drone  
  138  10:52  Extractor  
  138  10:55  Extractor  
  138  10:56  Infestation Pit  
  136  11:01  Extractor  
  124  11:08  Drone x8  
  124  11:10  Zergling x2  
  131  11:11  Zergling x28  
  131  11:12  Zergling x12  
  151  11:24  Hatchery  
  150  11:30  Hydralisk Den, Drone x4  
  150  11:31  Baneling  
  150  11:32  Baneling x7  
  153  11:33  Evolution Chamber, Drone x2  
  153  11:34  Zergling x2, Drone x2  
  153  11:35  Zergling x22  
  168  11:40  Baneling x3  
  168  11:41  Zergling x6  
  168  11:42  Zergling x6  
  123  12:01  Zergling x4  
  123  12:02  Zergling x28  
  132  12:11  Zergling x20  
  135  12:16  Hive  
  135  12:18  Zerg Missile Weapons Level 1  
  135  12:19  Muscular Augments  
  126  12:23  Drone x2  
  126  12:24  Spore Crawler, Drone x3  
  126  12:25  Drone x7  
  134  12:30  Baneling x4  
  134  12:32  Drone x5  
  139  12:42  Zergling x2  
  139  12:43  Zergling x16  
  147  12:49  Zergling x2  
  147  12:50  Zergling x20, Overseer  
  143  12:52  Overseer  
  142  13:08  Spore Crawler  
  142  13:11  Spore Crawler  
  132  13:14  Zergling x2  
  132  13:15  Zergling x32  
  132  13:16  Zergling x10  
  137  13:30  Drone x4  
  137  13:31  Drone x2  
  137  13:33  Overseer  
  134  13:37  Zergling x30  
  147  13:48  Spore Crawler  
  147  13:54  Baneling x7  
  147  13:55  Baneling x2  
  146  13:56  Baneling x8  
  146  13:57  Zerg Melee Weapons Level 3  
  146  13:58  Adrenal Glands  
  133  14:05  Zergling x2  
  133  14:06  Zergling x38  
  140  14:10  Zergling x2  
  140  14:11  Zergling x10  
  140  14:15  Drone x5  
  135  14:21  Zergling x8  
  137  14:31  Zergling x2  
  137  14:32  Zergling x24  
  139  14:39  Zergling x2  
  139  14:40  Zergling x14  
  135  14:48  Zerg Ground Armor Level 3  
  135  14:51  Zergling x2  
  135  14:52  Zergling x10  
  132  15:00  Baneling  
  132  15:01  Baneling x15  
  132  15:04  Drone x5  
  132  15:05  Drone  
  132  15:06  Drone x2  
  140  15:16  Zergling x8  
  140  15:17  Zergling x2  
  140  15:18  Baneling  
  140  15:19  Baneling x3  
  145  15:24  Overseer  
  145  15:25  Overlord x3  
  145  15:37  Zergling x2  
  145  15:38  Zergling x26  
  154  15:43  Hatchery  
  154  15:45  Zergling x2  
  154  15:46  Zergling x16  
  146  16:01  Drone x4  
  146  16:02  Spore Crawler, Drone x2  
  146  16:03  Spore Crawler  
  141  16:12  Baneling x7  
  141  16:13  Baneling x10  
  141  16:14  Zergling x2  
  141  16:15  Zergling x30  
  141  16:16  Zergling x2  
  158  16:33  Spore Crawler  
  148  16:41  Zergling x18  
  148  16:42  Zergling x32  
  148  16:44  Baneling x15  
  169  16:53  Zergling x2  
  168  16:54  Zergling x14  
  174  17:01  Drone  
  174  17:02  Drone x2  
  166  17:14  Drone x10  
  166  17:15  Drone x3  
  146  17:30  Zergling x20  
  146  17:31  Zergling x18  
  146  17:35  Zergling x18  
  158  17:49  Zergling x20  
  165  17:59  Zergling x2  
  165  18:00  Zergling x20  
  165  18:03  Baneling  
  165  18:04  Baneling x13  
  175  18:16  Hatchery  
  175  18:17  Spore Crawler  
  167  18:20  Spore Crawler  
  161  18:34  Zergling x2  
  161  18:35  Zergling x42  
  159  18:50  Zergling x26  
  139  18:58  Zergling x14  
  139  18:59  Zergling x2  
  133  19:16  Drone x5  
  134  19:17  Hatchery, Drone, Spore Crawler  
  134  19:18  Drone x12  
  135  19:36  Hydralisk, Zergling x2  
  135  19:37  Hydralisk x5, Zergling x8  
  143  19:40  Pathogen Glands  
  143  19:43  Baneling x6  
  143  19:44  Baneling x4  
  143  19:45  Baneling  
  143  19:56  Baneling x4  
  143  20:04  Zergling x10  
  143  20:05  Zergling x2  
  149  20:08  Zergling x26  
  149  20:09  Zergling x14, Spore Crawler  
  165  20:22  Drone x7, Extractor  
  165  20:24  Extractor  
  167  20:31  Hydralisk  
  167  20:32  Hydralisk x4  
  167  20:35  Zergling x20  
  165  20:36  Zergling x18  
  165  20:38  Drone  
  165  20:39  Drone x7  
  165  20:41  Drone x3  
  178  20:44  Extractor  
  178  20:45  Zergling x2  
  178  20:46  Zergling x8  
  170  20:57  Hydralisk  
  170  20:58  Hydralisk x2  
  170  21:01  Extractor  
  170  21:03  Extractor  
  169  21:11  Hydralisk x3  
  168  21:13  Zergling x2  
  168  21:14  Zergling x32  
  168  21:16  Overlord x4  
  182  21:30  Zergling x6  
  182  21:31  Zergling x30  
  192  21:34  Baneling x2  
  192  21:35  Zergling x2, Baneling x7  
  192  21:36  Zergling x6  
  192  21:37  Baneling  
  192  21:38  Baneling x2  
  167  21:58  Zergling x10  
  167  21:59  Zergling x22  
  183  22:03  Zerg Missile Weapons Level 2  
  177  22:15  Zergling x10  
  175  22:16  Zergling x38  
  187  22:27  Zergling x2  
  187  22:28  Zergling x28  
  181  22:40  Zergling x16  
  181  22:41  Zergling x28  
  181  22:43  Baneling x6  
  175  22:59  Hatchery  
  175  23:03  Hydralisk, Zergling x6  
  175  23:04  Hydralisk x9, Zergling x4  
  193  23:08  Baneling x2  
  191  23:12  Baneling  
  189  23:33  Extractor  
  188  23:39  Extractor  
  188  23:40  Zergling x2  
  188  23:41  Zergling x22  
  199  23:46  Zergling x2  
  199  23:47  Hatchery, Zergling x42  
  199  23:48  Zergling x6  
  193  23:51  Zergling x14  
  193  23:52  Zergling x22  
  163  24:04  Baneling x8  
  163  24:08  Zergling x2  
  163  24:09  Zergling x30  
  175  24:10  Zergling x4  
  175  24:16  Baneling x13  
  173  24:17  Zergling x2  
  173  24:18  Zergling x26  
  173  24:19  Zergling x4  
  189  24:43  Overseer x2  
  187  24:46  Drone x4  
  187  24:47  Drone x3  
  187  24:52  Zergling x2  
  181  24:53  Zergling x36  
  181  24:54  Zergling x2  
  181  24:59  Zergling x2  
  193  25:00  Zergling x16  
  198  25:19  Zergling x2  
  198  25:20  Zergling x6  
  184  25:32  Hatchery, Baneling  
  184  25:34  Hatchery  
Tags
 
Add a new tag
Caveats
  • Supply blocks, unpowered buildings, or Contaminate may cause inaccurate times.
  • Supply counts are checked every 10 seconds.